AoeStats
← powerkek

Arena

509580159Analyzed
4v4 RM · 4d ago on Sep 27, 2026· 49m 46s· 8 players
Game mode
Random Map
Map size
Large (8 player)
Population
200
Speed
Normal
Resources
Standard
Victory
Conquest
Starting age
Dark Age
Ending age
Imperial Age
RankedLock teamsTeams togetherTeam positionsShared explorationLock speedFull tech treeHidden civsTurbo modeCheats
Victory
Defeat
🇨🇳 Franks · China
1131
+10
1042
+14
🇨🇱 Bengalis · Chile
1022
+15
🇨🇳 Mongols · China
1002
+16
🇨🇳 Italians · China
1141
-20
🇸🇰 Franks · Slovakia
959
-12
🇸🇰 Vietnamese · Slovakia
955
-12
🇨🇳 Portuguese · China
934
-11
Lord Boyka
11:59 Feudal Age
17:14 Castle Age
15:38 Double-Bit Axe
15:37 Horse Collar
16:49 Gold Mining
16:49 Stone Mining
17:44 Stone Mining
18:43 Bow Saw
18:46 Heavy Plow
23:29 Caravan
24:57 Wheelbarrow
25:41 Gold Shaft Mining
28:32 Hand Cart
28:39 Scale Barding Armor
28:44 Forging
28:38 Husbandry
28:49 Bloodlines
32:00 Imperial Age
31:40 Chain Barding Armor
31:56 Iron Casting
31:08 Town Watch
31:10 Loom
30:52 Light Cavalry
34:08 Conscription
34:37 Plate Barding Armor
35:03 Blast Furnace
34:34 Paiks
35:00 Elite Battle Elephant
37:02 Blast Furnace
36:58 Mahayana
41:34 Crop Rotation
42:07 Two-Man Saw
41:41 Siege Elephant
Not Dwight Kurt Schrute III
11:45 Feudal Age
16:02 Castle Age
14:30 Double-Bit Axe
20:20 Bow Saw
21:57 Loom
22:20 Gold Mining
27:54 Imperial Age
28:32 Wheelbarrow
27:42 Town Watch
27:48 Horse Collar
28:41 Siege Engineers
29:34 Gold Shaft Mining
29:23 Padded Archer Armor
30:27 Hand Cart
30:12 Town Patrol
30:41 Heavy Plow
32:08 Thunderclap Bombs
37:14 Leather Archer Armor
1903662431
10:02 Feudal Age
14:09 Castle Age
12:44 Loom
13:44 Double-Bit Axe
15:26 Bow Saw
22:18 Wheelbarrow
23:59 Gold Mining
28:47 Imperial Age
27:45 Forging
27:40 Scale Barding Armor
28:02 Hand Cart
27:32 Town Watch
29:03 Husbandry
28:52 Cavalier
30:15 Chivalry
30:36 Conscription
31:06 Iron Casting
31:12 Gold Shaft Mining
31:31 Chain Barding Armor
31:35 Paladin
33:30 Blast Furnace
33:22 Ballistics
36:01 Elite Skirmisher
36:33 Fletching
36:43 Padded Archer Armor
37:43 Plate Barding Armor
38:27 Siege Engineers
38:23 Bodkin Arrow
38:44 Leather Archer Armor
44:52 Caravan
竹杖
10:09 Feudal Age
11:35 Loom
12:02 Horse Collar
12:11 Double-Bit Axe
14:42 Castle Age
15:41 Heavy Plow
20:44 Bow Saw
21:11 Gold Mining
21:43 Bow Saw
23:25 Gold Mining
29:25 Wheelbarrow
30:34 Forging
31:56 Hand Cart
31:49 Elite Skirmisher
32:25 Fletching
35:30 Imperial Age
33:32 Bodkin Arrow
34:23 Padded Archer Armor
ouujkj
10:16 Feudal Age
14:15 Castle Age
12:41 Double-Bit Axe
12:40 Horse Collar
15:37 Bow Saw
17:08 Loom
21:52 Wheelbarrow
24:07 Gold Mining
27:08 Imperial Age
25:13 Stone Mining
26:02 Fletching
26:12 Padded Archer Armor
26:57 Bodkin Arrow
27:37 Ballistics
28:00 Leather Archer Armor
27:54 Bracer
29:22 Ring Archer Armor
30:23 Chemistry
31:10 Hand Cart
30:40 Town Watch
31:45 Elite Genoese Crossbowman
33:11 Conscription
35:54 Masonry
38:19 Architecture
40:59 Elite Skirmisher
41:45 Thumb Ring
43:25 Capped Ram
44:07 Scale Mail Armor
44:18 Forging
46:32 Two-Man Saw
46:13 Pikeman
46:54 Squires
powerkek
11:21 Feudal Age
11:57 Horse Collar
12:54 Wheelbarrow
12:05 Double-Bit Axe
12:12 Gold Mining
17:38 Castle Age
18:08 Fletching
19:10 Hand Cart
18:41 Loom
18:50 Stone Mining
25:01 Bodkin Arrow
27:55 Imperial Age
25:44 Padded Archer Armor
25:20 Crossbowman
26:21 Town Watch
26:53 Leather Archer Armor
27:49 Scale Mail Armor
28:13 Thumb Ring
28:48 Bracer
31:09 Paper Money
31:27 Ring Archer Armor
31:40 Pikeman
34:16 Elite Rattan Archer
36:13 Ballistics
36:54 Chemistry
37:10 Bow Saw
41:16 Stone Shaft Mining
41:31 Block Printing
41:37 Sanctity
42:49 Two-Man Saw
44:32 Illumination
卢本伟
9:59 Feudal Age
14:25 Castle Age
14:37 Horse Collar
14:44 Double-Bit Axe
15:27 Heavy Plow
15:45 Bow Saw
21:42 Wheelbarrow
21:37 Gold Mining
24:03 Hand Cart
27:56 Imperial Age
26:29 Scale Mail Armor
26:40 Forging
27:33 Chain Mail Armor
29:04 Iron Casting
28:11 Pikeman
28:38 Arson
29:38 Plate Mail Armor
29:06 Halberdier
31:38 Blast Furnace
32:00 Two-Man Saw
31:35 Crop Rotation
32:58 Stone Mining
34:41 Fletching
34:52 Padded Archer Armor
36:26 Arquebus
37:54 Conscription
38:44 Chemistry
38:05 Ballistics
37:43 Bodkin Arrow
37:48 Padded Archer Armor
39:35 Bracer
39:51 Leather Archer Armor
39:50 Siege Engineers
40:16 Fortified Wall
47:15 Scale Barding Armor
47:41 Ring Archer Armor
48:05 Bloodlines
47:56 Husbandry
47:17 Cavalier
47:23 Light Cavalry
Iraqi Fairy Queen
8:52 Loom
10:38 Feudal Age
12:38 Double-Bit Axe
15:53 Castle Age
16:57 Bow Saw
17:59 Scale Barding Armor
18:05 Forging
19:49 Town Watch
21:01 Gold Mining
21:30 Husbandry
24:35 Iron Casting
25:52 Wheelbarrow
27:28 Chain Barding Armor
31:11 Imperial Age
31:31 Cavalier
32:41 Hand Cart
33:08 Plate Barding Armor
36:45 Paladin
39:19 Fletching
40:30 Blast Furnace
40:43 Scale Mail Armor
40:40 Bodkin Arrow
41:33 Conscription
41:52 Hoardings
42:09 Squires
41:55 Gambesons
42:30 Pikeman
43:02 Halberdier
47:45 Chain Mail Armor
Connection lost

Rejoining the realm…

Still unreachable

The connection could not be restored.

Session expired

The server has moved on; the page needs a fresh start.